[Event "45th FIDE Womens Olympiad 2024"]
[Site "Budapest"]
[Date "2024.09.11"]
[Round "1.225"]
[White "Ebrahim, Zahabiyah"]
[Black "Stojkovska, Monika"]
[Result "0-1"]
[ECO "A47"]
[WhiteElo "1475"]
[BlackElo "2043"]
[Annotator "NA"]
[PlyCount "106"]
[EventDate "2024.09.05"]
[EventType "team-tourn"]
[EventCountry "HUN"]
[SourceTitle "playchess.com"]
[Source "ChessBase"]
[SourceQuality "1"]
[WhiteTeam "Tanzania"]
[BlackTeam "North Macedonia"]
[WhiteTeamCountry "TAN"]
[BlackTeamCountry "MKD"]
[TimeControl "40/5400+30:1800+30"]

1. d4 Nf6 2. Nf3 b6 3. e3 Bb7 4. Bd3 e6 5. Nbd2 Be7 6. Qe2 c5 7. c3 cxd4 8. exd4 d6 9. O-O Nbd7 10. Re1 a6 11. Ng5 O-O 12. Nde4 Nxe4 13. Nxe4 Re8 14. Be3 Nf8 15. Rad1 f5 16. Ng3 Bg5 17. f4 Bh4 18. Bf2 g6 19. Qe3 b5 20. Re2 Qd7 21. Rde1 Qc6 22. Ne4 Bxf2+ 23. Qxf2 fxe4 24. Bxe4 Qd7 25. Bc2 Bd5 26. a3 Qf7 27. Qg3 Rad8 28. Qg5 Kg7 29. Rf2 Qf6 30. Qg3 Kh8 31. Re3 Re7 32. Qh3 Rf7 33. Qh6 Qg7 34. Qh4 Qf6 35. Qh6 Qg7 36. Qh4 Qf6 37. Qh6 e5 38. dxe5 dxe5 39. Rxe5 Bc4 40. h3 Nd7 41. Re4 Nc5 42. Re5 Nd3 43. Bxd3 Bxd3 44. g4 Bc4 45. Re4 Rd1+ 46. Kh2 Qc6 47. Re5 Qh1+ 48. Kg3 Rd3+ 49. Kh4 Rxh3+ 50. Kg5 Rxh6 51. f5 Qh4+ 52. Kf4 Qxf2+ 53. Kg5 Qd2+ 0-1

[Event "45th FIDE Womens Olympiad 2024"]
[Site "Budapest"]
[Date "2024.09.11"]
[Round "1.226"]
[White "Manova, Ivana"]
[Black "Mahi R. Shah"]
[Result "1-0"]
[ECO "C02"]
[WhiteElo "2031"]
[BlackElo "1602"]
[Annotator "NA"]
[PlyCount "69"]
[EventDate "2024.09.05"]
[EventType "team-tourn"]
[EventCountry "HUN"]
[SourceTitle "playchess.com"]
[Source "ChessBase"]
[SourceQuality "1"]
[WhiteTeam "North Macedonia"]
[BlackTeam "Tanzania"]
[WhiteTeamCountry "MKD"]
[BlackTeamCountry "TAN"]
[TimeControl "40/5400+30:1800+30"]

1. e4 e6 2. d4 d5 3. e5 c5 4. c3 Nc6 5. Nf3 Qb6 6. Be2 Nge7 7. dxc5 Qxc5 8. b4 Qb6 9. Bf4 Ng6 10. Bg3 a6 11. Qd3 Bd7 12. O-O Qc7 13. Qe3 Be7 14. Nbd2 Qd8 15. a3 f6 16. c4 Ncxe5 17. Bxe5 fxe5 18. cxd5 Bf6 19. dxe6 Bxe6 20. Nc4 Bxc4 21. Bxc4 Qe7 22. Rad1 Rc8 23. Qe4 b5 24. Bd5 Rc7 25. Ba2 Nf4 26. Qa8+ Qd8 27. Rxd8+ Bxd8 28. Qe4 Ng6 29. Nxe5 Re7 30. Qc6+ Kf8 31. Nd7+ Ke8 32. Nc5+ Kf8 33. Rd1 Re8 34. Qd6+ Be7 35. Nd7# 1-0

[Event "45th FIDE Womens Olympiad 2024"]
[Site "Budapest"]
[Date "2024.09.11"]
[Round "1.227"]
[White "Anahi Rishit Shah"]
[Black "Zhezhovska, Monika"]
[Result "0-1"]
[ECO "B56"]
[WhiteElo "1513"]
[BlackElo "2106"]
[Annotator "NA"]
[PlyCount "132"]
[EventDate "2024.09.05"]
[EventType "team-tourn"]
[EventCountry "HUN"]
[SourceTitle "playchess.com"]
[Source "ChessBase"]
[SourceQuality "1"]
[WhiteTeam "Tanzania"]
[BlackTeam "North Macedonia"]
[WhiteTeamCountry "TAN"]
[BlackTeamCountry "MKD"]
[TimeControl "40/5400+30:1800+30"]

1. e4 c5 2. Nf3 Nc6 3. d4 cxd4 4. Nxd4 Nf6 5. Nc3 d6 6. Bb5 Bd7 7. O-O g6 8. Re1 Bg7 9. Be3 O-O 10. h3 Qc7 11. Qd2 Rfc8 12. Nxc6 Bxc6 13. Bxc6 bxc6 14. Bh6 Bh8 15. Bf4 Rd8 16. Qe3 Nd7 17. Rab1 Rab8 18. Qd3 Ne5 19. Bxe5 Bxe5 20. Qe3 Qb6 21. Qd2 Rd7 22. Na4 Qa6 23. b3 Rbd8 24. c4 c5 25. Qe3 Qa5 26. Red1 Bd4 27. Qe2 Rb7 28. Kh1 Rdb8 29. f4 Qc7 30. Qg4 Kh8 31. f5 Rg8 32. Qf3 f6 33. Nb2 Rbb8 34. Nd3 g5 35. Qg3 Qa5 36. a4 Qc3 37. Rdc1 Qd2 38. Ne1 Be5 39. Qg4 Qe3 40. Nc2 Qd2 41. Ne1 Rxb3 42. Rd1 Rxb1 43. Rxb1 Bd4 44. Rd1 Qa2 45. Nf3 Qxc4 46. a5 Qa4 47. Nd2 Qxa5 48. Nb3 Qc3 49. Nd2 a5 50. Nb1 Qc2 51. Na3 Qb3 52. Nb1 a4 53. Nd2 Qa2 54. Qf3 a3 55. Nb1 Bb2 56. Qd3 c4 57. Nc3 Qb3 58. Qd4 Bxc3 59. Qa7 Qxd1+ 60. Kh2 Be5+ 61. g3 Qe2+ 62. Kg1 Bxg3 63. e5 a2 64. exd6 a1=Q+ 65. Qxa1 Qf2+ 66. Kh1 Qh2# 0-1

[Event "45th FIDE Womens Olympiad 2024"]
[Site "Budapest"]
[Date "2024.09.11"]
[Round "1.228"]
[White "Trajkovska, Sanja"]
[Black "Bertha Samson Mkude"]
[Result "1-0"]
[ECO "C25"]
[WhiteElo "1921"]
[BlackElo "1459"]
[Annotator "NA"]
[PlyCount "67"]
[EventDate "2024.09.05"]
[EventType "team-tourn"]
[EventCountry "HUN"]
[SourceTitle "playchess.com"]
[Source "ChessBase"]
[SourceQuality "1"]
[WhiteTeam "North Macedonia"]
[BlackTeam "Tanzania"]
[WhiteTeamCountry "MKD"]
[BlackTeamCountry "TAN"]
[TimeControl "40/5400+30:1800+30"]

1. e4 e5 2. Nc3 Nc6 3. Bc4 Bc5 4. d3 d6 5. Nge2 h6 6. Na4 Bb6 7. Nxb6 axb6 8. a3 Nf6 9. Ng3 Bg4 10. f3 Bd7 11. O-O Na5 12. Ba2 Qe7 13. Nf5 Bxf5 14. exf5 Nc6 15. f4 O-O 16. fxe5 Nxe5 17. d4 Ned7 18. Re1 Qd8 19. Qf3 c6 20. Qg3 Nh5 21. Qh3 Nhf6 22. Qg3 g5 23. fxg6 d5 24. Bxh6 Ne8 25. gxf7+ Kxf7 26. Bxf8 Kxf8 27. Rf1+ Nef6 28. c4 Ra5 29. b4 Ra8 30. cxd5 cxd5 31. Bxd5 b5 32. Qg8+ Ke7 33. Qe6+ Kf8 34. Qf7# 1-0

[Event "45th FIDE Womens Olympiad 2024"]
[Site "Budapest"]
[Date "2024.09.11"]
[Round "1.229"]
[White "Zvereva, Marija"]
[Black "Swaminathan, Laia"]
[Result "1-0"]
[ECO "C45"]
[WhiteElo "2035"]
[BlackElo "1620"]
[Annotator "NA"]
[PlyCount "69"]
[EventDate "2024.09.05"]
[EventType "team-tourn"]
[EventCountry "HUN"]
[SourceTitle "playchess.com"]
[Source "ChessBase"]
[SourceQuality "1"]
[WhiteTeam "Monaco"]
[BlackTeam "Cayman Islands"]
[WhiteTeamCountry "MNC"]
[BlackTeamCountry "CAY"]
[TimeControl "40/5400+30:1800+30"]

1. e4 e5 2. Nf3 Nc6 3. d4 exd4 4. Nxd4 Bc5 5. Nb3 Bb6 6. Nc3 Nge7 7. Qe2 O-O 8. Bg5 f6 9. Be3 Re8 10. O-O-O Bxe3+ 11. Qxe3 Ng6 12. Bc4+ Kf8 13. f4 d6 14. Qf3 Be6 15. Bxe6 Rxe6 16. h4 Qe8 17. h5 Nh8 18. h6 g6 19. Nd5 Qf7 20. f5 gxf5 21. exf5 Re5 22. Rh3 Ne7 23. Nxe7 Qxe7 24. Rg3 Nf7 25. Rg7 Re1 26. Nd4 Re8 27. Ne6+ Rxe6 28. fxe6 Qxe6 29. Rf1 Qxa2 30. Qxf6 Qa1+ 31. Kd2 Qa5+ 32. c3 Qd5+ 33. Kc1 Re7 34. Rg8+ Kxg8 35. Qg7# 1-0

[Event "45th FIDE Womens Olympiad 2024"]
[Site "Budapest"]
[Date "2024.09.11"]
[Round "1.231"]
[White "Berezovska, Svetlana"]
[Black "Majid, Zara"]
[Result "1-0"]
[ECO "B08"]
[WhiteElo "1869"]
[BlackElo "1411"]
[Annotator "NA"]
[PlyCount "77"]
[EventDate "2024.09.05"]
[EventType "team-tourn"]
[EventCountry "HUN"]
[SourceTitle "playchess.com"]
[Source "ChessBase"]
[SourceQuality "1"]
[WhiteTeam "Monaco"]
[BlackTeam "Cayman Islands"]
[WhiteTeamCountry "MNC"]
[BlackTeamCountry "CAY"]
[TimeControl "40/5400+30:1800+30"]

1. e4 d6 2. d4 Nf6 3. Nc3 g6 4. Nf3 Bg7 5. Bc4 O-O 6. O-O Nxe4 7. Nxe4 d5 8. Bd3 dxe4 9. Bxe4 Nd7 10. c3 Nf6 11. Bc2 b6 12. Re1 h6 13. Qe2 e6 14. Bf4 Nd5 15. Be5 Bxe5 16. dxe5 Bb7 17. Be4 Nf4 18. Qe3 Bxe4 19. Qxe4 Nd5 20. Rad1 Qe8 21. Rd3 c5 22. Qh4 Kg7 23. Red1 Qe7 24. Qg3 Rad8 25. h4 Nc7 26. h5 Rxd3 27. Rxd3 g5 28. Nd2 Nd5 29. Ne4 Nf4 30. Re3 Nxh5 31. Qg4 Nf4 32. Nf6 Qd8 33. g3 Nd5 34. Nh5+ Kg6 35. Qe4+ f5 36. exf6+ Kf7 37. Qxe6+ Kg6 38. Qe4+ Kf7 39. Qh7# 1-0

[Event "45th FIDE Womens Olympiad 2024"]
[Site "Budapest"]
[Date "2024.09.11"]
[Round "1.232"]
[White "Patil, Anvita Niranjan"]
[Black "Dubois, Martine"]
[Result "0-1"]
[ECO "B13"]
[WhiteElo "1589"]
[BlackElo "1816"]
[Annotator "NA"]
[PlyCount "64"]
[EventDate "2024.09.05"]
[EventType "team-tourn"]
[EventCountry "HUN"]
[SourceTitle "playchess.com"]
[Source "ChessBase"]
[SourceQuality "1"]
[WhiteTeam "Cayman Islands"]
[BlackTeam "Monaco"]
[WhiteTeamCountry "CAY"]
[BlackTeamCountry "MNC"]
[TimeControl "40/5400+30:1800+30"]

1. e4 c6 2. d4 d5 3. exd5 cxd5 4. c3 Nc6 5. Be3 Nf6 6. Nd2 e6 7. Ngf3 Bd6 8. Be2 O-O 9. O-O h6 10. Re1 Ng4 11. Nf1 f5 12. Bd2 Ne7 13. h3 Nf6 14. Qc2 Ne4 15. c4 Bd7 16. c5 Bc7 17. Bb4 Nc6 18. Ba3 Qf6 19. Rad1 Ba5 20. Ne5 Bxe1 21. Nxd7 Bxf2+ 22. Kh1 Qh4 23. Nxf8 Rxf8 24. Qd3 Bxd4 25. b4 Nf2+ 26. Kh2 Nxd3 27. Rxd3 Qf2 28. Rd2 Qg1+ 29. Kg3 f4+ 30. Kg4 Qxg2+ 31. Ng3 Qxg3+ 32. Kh5 Qg5# 0-1

[Event "45th FIDE Womens Olympiad 2024"]
[Site "Budapest"]
[Date "2024.09.11"]
[Round "1.233"]
[White "Yavo Tchetche, Marie"]
[Black "Roy, Ali"]
[Result "0-1"]
[ECO "D02"]
[WhiteElo "1686"]
[BlackElo "1961"]
[Annotator "NA"]
[PlyCount "132"]
[EventDate "2024.09.05"]
[EventType "team-tourn"]
[EventCountry "HUN"]
[SourceTitle "playchess.com"]
[Source "ChessBase"]
[SourceQuality "1"]
[WhiteTeam "Cote d/^Ivoire"]
[BlackTeam "Scotland"]
[BlackTeamCountry "SCO"]
[TimeControl "40/5400+30:1800+30"]

1. d4 d5 2. Nf3 Nf6 3. g3 e6 4. Bg2 Be7 5. Nbd2 O-O 6. O-O c5 7. c3 Nc6 8. Nb3 b6 9. Re1 Bb7 10. Bf4 Rc8 11. Rc1 Bd6 12. Bxd6 Qxd6 13. dxc5 bxc5 14. e4 c4 15. exd5 Nxd5 16. Nbd4 Rfd8 17. Nxc6 Qxc6 18. Nd4 Qb6 19. Qe2 a5 20. a4 Qc7 21. Bh3 Nb6 22. Ra1 Qd6 23. Qe5 Qd5 24. Qxd5 Bxd5 25. Bg2 Bxg2 26. Kxg2 Nd7 27. b3 e5 28. Nb5 cxb3 29. Rab1 Nc5 30. Rxe5 Nd3 31. Re2 b2 32. Rd1 Nf4+ 33. gxf4 Rxd1 34. Rxb2 Ra1 35. Nd6 Rd8 36. c4 Kf8 37. c5 Ke7 38. Rb7+ Ke6 39. f5+ Kd5 40. Rxf7 g6 41. fxg6 hxg6 42. Rf4 Rd7 43. Ne4 Ke5 44. Rg4 Rxa4 45. f3 Ra2+ 46. Kg3 Rd1 47. Rg5+ Kd4 48. Kf4 Rxh2 49. Rxg6 Rh4+ 50. Kf5 Rh5+ 51. Kg4 Rd5 52. Ra6 Rg1+ 53. Kf4 Rd8 54. Rf6 a4 55. c6 Rc8 56. Rd6+ Kc4 57. Ke5 a3 58. Nd2+ Kb5 59. Nb3 a2 60. Rd2 a1=Q+ 61. Nxa1 Rxa1 62. Rb2+ Kxc6 63. Rc2+ Kd7 64. Rxc8 Kxc8 65. f4 Kd7 66. Kf6 Ke8 0-1

[Event "45th FIDE Womens Olympiad 2024"]
[Site "Budapest"]
[Date "2024.09.11"]
[Round "1.234"]
[White "Cooke, Suzie G."]
[Black "Kouassi Edichy Berenice"]
[Result "1-0"]
[ECO "D02"]
[WhiteElo "1941"]
[BlackElo "1528"]
[Annotator "NA"]
[PlyCount "73"]
[EventDate "2024.09.05"]
[EventType "team-tourn"]
[EventCountry "HUN"]
[SourceTitle "playchess.com"]
[Source "ChessBase"]
[SourceQuality "1"]
[WhiteTeam "Scotland"]
[BlackTeam "Cote d/^Ivoire"]
[WhiteTeamCountry "SCO"]
[TimeControl "40/5400+30:1800+30"]

1. d4 d5 2. Bf4 Nc6 3. e3 Nf6 4. c3 Bf5 5. Nf3 e6 6. Bb5 Bd6 7. Ne5 Bxe5 8. Bxe5 a6 9. Bxc6+ bxc6 10. Nd2 O-O 11. Nb3 Nd7 12. Bg3 Re8 13. O-O Qe7 14. Na5 e5 15. Nxc6 Qd6 16. Nxe5 Nxe5 17. Bxe5 Qb6 18. b4 a5 19. a3 axb4 20. cxb4 Bd7 21. Qf3 c6 22. Qg3 g6 23. Qg5 c5 24. bxc5 Qe6 25. Rfb1 Qf5 26. Qxf5 Bxf5 27. Rb7 Re6 28. a4 f6 29. Bd6 Bc2 30. a5 Bd3 31. Rb6 Kf7 32. a6 Bxa6 33. Raxa6 Rxa6 34. Rxa6 Re8 35. Ra7+ Ke6 36. Rxh7 Ra8 37. g4 1-0

[Event "45th FIDE Womens Olympiad 2024"]
[Site "Budapest"]
[Date "2024.09.11"]
[Round "1.235"]
[White "Gba, Zotta Marcelle Auror"]
[Black "Giulian, Rosemary A"]
[Result "0-1"]
[ECO "C01"]
[WhiteElo "1427"]
[BlackElo "1922"]
[Annotator "NA"]
[PlyCount "70"]
[EventDate "2024.09.05"]
[EventType "team-tourn"]
[EventCountry "HUN"]
[SourceTitle "playchess.com"]
[Source "ChessBase"]
[SourceQuality "1"]
[WhiteTeam "Cote d/^Ivoire"]
[BlackTeam "Scotland"]
[BlackTeamCountry "SCO"]
[TimeControl "40/5400+30:1800+30"]

1. e4 e6 2. Nf3 d5 3. exd5 exd5 4. d4 Bd6 5. Nc3 c6 6. Be2 Ne7 7. O-O O-O 8. Re1 Bg4 9. h3 Bh5 10. Ng5 Bg6 11. Bd3 h6 12. Bxg6 Nxg6 13. Nf3 Nd7 14. Ne2 Nf6 15. Ng3 Bxg3 16. fxg3 Ne4 17. g4 Qf6 18. Rf1 Qd6 19. Nd2 Ng3 20. Rf3 Rae8 21. Nf1 Ne2+ 22. Kh1 Nxc1 23. Rxc1 Re7 24. Qd2 Rfe8 25. Ne3 Nh4 26. Rf2 Rxe3 27. Rcf1 f6 28. c3 Qg3 29. Rg1 R8e4 30. a4 Qd6 31. b3 Qe6 32. Rff1 Re2 33. Qd1 R4e3 34. Qc1 Rxh3+ 35. gxh3 Qe4+ 0-1

[Event "45th FIDE Womens Olympiad 2024"]
[Site "Budapest"]
[Date "2024.09.11"]
[Round "1.237"]
[White "O`Gorman, Alice"]
[Black "Magne Kouokam Sylviane"]
[Result "1-0"]
[ECO "A25"]
[WhiteElo "1996"]
[BlackElo "1587"]
[Annotator "NA"]
[PlyCount "75"]
[EventDate "2024.09.05"]
[EventType "team-tourn"]
[EventCountry "HUN"]
[SourceTitle "playchess.com"]
[Source "ChessBase"]
[SourceQuality "1"]
[WhiteTeam "Ireland"]
[BlackTeam "Cameroon"]
[WhiteTeamCountry "IRL"]
[BlackTeamCountry "CAM"]
[TimeControl "40/5400+30:1800+30"]

1. c4 e5 2. Nc3 Nf6 3. g3 Bc5 4. Bg2 Nc6 5. e3 Nb4 6. d3 O-O 7. a3 Na6 8. b4 Nxb4 9. axb4 Bxb4 10. Qb3 c5 11. Nge2 d6 12. O-O Re8 13. Ba3 a5 14. Nd5 Bg4 15. Nec3 Rb8 16. f4 Bd7 17. fxe5 Nxd5 18. Bxd5 Rxe5 19. Bxf7+ Kh8 20. Ne4 Qe7 21. Bd5 Be6 22. Bxe6 Rxe6 23. Bb2 Rg6 24. Qd1 Qh4 25. Qf3 Qe7 26. Qf7 Qxf7 27. Rxf7 b6 28. Raf1 h6 29. Ra7 Re8 30. Rff7 Rg8 31. h4 Be1 32. h5 Rg4 33. Kg2 b5 34. Kf3 Rxe4 35. dxe4 b4 36. Bxg7+ Rxg7 37. Rxg7 Bc3 38. Rgb7 1-0

[Event "45th FIDE Womens Olympiad 2024"]
[Site "Budapest"]
[Date "2024.09.11"]
[Round "1.238"]
[White "Danwe Maissiri Carole"]
[Black "Mirza, Diana"]
[Result "0-1"]
[ECO "B01"]
[WhiteElo "1456"]
[BlackElo "1962"]
[Annotator "NA"]
[PlyCount "62"]
[EventDate "2024.09.05"]
[EventType "team-tourn"]
[EventCountry "HUN"]
[SourceTitle "playchess.com"]
[Source "ChessBase"]
[SourceQuality "1"]
[WhiteTeam "Cameroon"]
[BlackTeam "Ireland"]
[WhiteTeamCountry "CAM"]
[BlackTeamCountry "IRL"]
[TimeControl "40/5400+30:1800+30"]

1. e4 d5 2. exd5 Qxd5 3. Nf3 Bg4 4. Nc3 Qd8 5. Bc4 e6 6. O-O Nf6 7. d4 c6 8. a3 Bxf3 9. gxf3 Qc7 10. Ne4 Nbd7 11. c3 g5 12. Kh1 h6 13. b4 Nd5 14. Qd3 O-O-O 15. a4 Nf4 16. Qe3 Nb6 17. Bb3 Nbd5 18. Bxd5 exd5 19. Ng3 Bd6 20. b5 h5 21. Ba3 Bxa3 22. Rxa3 Rhe8 23. Qd2 h4 24. Nf5 Re2 25. Qc1 Nd3 26. Qb1 Nxf2+ 27. Kg2 Ne4+ 28. Kh3 Rxh2+ 29. Kg4 Qf4+ 30. Kh5 Rh8+ 31. Nh6 Nf6# 0-1

[Event "45th FIDE Womens Olympiad 2024"]
[Site "Budapest"]
[Date "2024.09.11"]
[Round "1.239"]
[White "Gora, Antonina"]
[Black "Tchouateu Tankeu Stephanie"]
[Result "1-0"]
[ECO "C54"]
[WhiteElo "1943"]
[BlackElo "1565"]
[Annotator "NA"]
[PlyCount "87"]
[EventDate "2024.09.05"]
[EventType "team-tourn"]
[EventCountry "HUN"]
[SourceTitle "playchess.com"]
[Source "ChessBase"]
[SourceQuality "1"]
[WhiteTeam "Ireland"]
[BlackTeam "Cameroon"]
[WhiteTeamCountry "IRL"]
[BlackTeamCountry "CAM"]
[TimeControl "40/5400+30:1800+30"]

1. e4 e5 2. Nf3 Nc6 3. Bc4 Nf6 4. d3 Bc5 5. c3 a5 6. Nbd2 d6 7. O-O O-O 8. h3 h6 9. Re1 Re8 10. Nf1 d5 11. exd5 Nxd5 12. Ng3 Nf6 13. Nd2 a4 14. Nde4 b6 15. Nxc5 bxc5 16. Bb5 Bd7 17. Bxa4 Na5 18. Bxd7 Qxd7 19. Be3 c4 20. b4 cxb3 21. axb3 Nb7 22. Rxa8 Rxa8 23. d4 e4 24. Qc2 Re8 25. c4 Nd6 26. Bf4 Nf5 27. Nxf5 Qxf5 28. Bxc7 Qd7 29. Be5 Qc6 30. Bxf6 Qxf6 31. Rxe4 Rxe4 32. Qxe4 Qb6 33. Qe3 g5 34. d5 Qa6 35. c5 Kf8 36. d6 Qc6 37. Qe7+ Kg7 38. d7 Qxd7 39. Qxd7 Kf6 40. c6 Ke5 41. c7 f5 42. c8=Q Kf6 43. Qh8+ Kg6 44. Qde8# 1-0

[Event "45th FIDE Womens Olympiad 2024"]
[Site "Budapest"]
[Date "2024.09.11"]
[Round "1.242"]
[White "Mihailova, Alina"]
[Black "Aishath Iva Hassan"]
[Result "1-0"]
[ECO "E11"]
[WhiteElo "1969"]
[BlackElo "1422"]
[Annotator "NA RC"]
[PlyCount "47"]
[EventDate "2024.09.05"]
[EventType "team-tourn"]
[EventCountry "HUN"]
[SourceTitle "playchess.com"]
[Source "ChessBase"]
[SourceQuality "1"]
[WhiteTeam "Moldova"]
[BlackTeam "Maldives"]
[WhiteTeamCountry "MDA"]
[BlackTeamCountry "MDV"]
[TimeControl "40/5400+30:1800+30"]

1. d4 d5 2. c4 e6 3. Nf3 Nf6 4. g3 Bb4+ 5. Bd2 Be7 6. Bg2 O-O 7. Qc2 c6 8. Nc3 Nbd7 9. h4 Ng4 10. Ng5 Ngf6 11. e4 e5 12. dxe5 d4 13. exf6 dxc3 14. Bxc3 Bxf6 15. e5 Bxg5 16. hxg5 g6 17. f4 Nc5 18. Rd1 Qb6 19. Bf3 Bf5 20. Qh2 Rfd8 21. Qxh7+ Kf8 22. Qh8+ Ke7 23. Qf6+ Ke8 24. Rh8# 1-0

[Event "45th FIDE Womens Olympiad 2024"]
[Site "Budapest"]
[Date "2024.09.11"]
[Round "1.243"]
[White "Aini Munthazim"]
[Black "Bargan, Victoria"]
[Result "0-1"]
[ECO "B14"]
[WhiteElo "1536"]
[BlackElo "1941"]
[Annotator "NA"]
[PlyCount "124"]
[EventDate "2024.09.05"]
[EventType "team-tourn"]
[EventCountry "HUN"]
[SourceTitle "playchess.com"]
[Source "ChessBase"]
[SourceQuality "1"]
[WhiteTeam "Maldives"]
[BlackTeam "Moldova"]
[WhiteTeamCountry "MDV"]
[BlackTeamCountry "MDA"]
[TimeControl "40/5400+30:1800+30"]

1. e4 c6 2. d4 d5 3. exd5 cxd5 4. Nf3 Nc6 5. c4 Nf6 6. Nc3 e6 7. cxd5 Nxd5 8. Bb5 Bb4 9. Bd2 O-O 10. O-O Be7 11. Re1 a6 12. Bc4 Nb6 13. Bf1 Nxd4 14. Nxd4 Qxd4 15. Be3 Qxd1 16. Raxd1 Nd7 17. Rd2 Nf6 18. g3 Bd7 19. Bg2 Bc6 20. f3 Rad8 21. Rc2 Rd7 22. Ne2 Nd5 23. Bd2 Nb4 24. Bxb4 Bxb4 25. Rec1 Bd2 26. Rf1 Be3+ 27. Kh1 Bb5 28. Re1 Bd3 29. Rc3 Bd2 30. Rxd3 Rxd3 31. Rd1 Rfd8 32. f4 b6 33. Bf1 R3d6 34. a3 Be3 35. Rxd6 Rxd6 36. Nc3 b5 37. h3 Bc1 38. Ne4 Rd1 39. Kg2 Bxb2 40. Nc5 Bxa3 41. Nxa6 b4 42. Nc5 Rc1 43. Nb3 Rc3 44. Nd4 b3 45. Nb5 Rc2+ 46. Kg1 Bc5+ 47. Kh1 b2 48. Bd3 Rc1+ 49. Kg2 b1=Q 50. Bxb1 Rxb1 51. Nc3 Rb2+ 52. Kf1 f6 53. Na4 Rc2 54. Nxc5 Rxc5 55. Kf2 Rc3 56. h4 e5 57. fxe5 fxe5 58. g4 e4 59. Ke2 Kf7 60. Kd2 Rd3+ 61. Ke2 Ke6 62. g5 Kf5 0-1

[Event "45th FIDE Womens Olympiad 2024"]
[Site "Budapest"]
[Date "2024.09.11"]
[Round "1.244"]
[White "Petricenco, Ana"]
[Black "Fathmath Zoya Hassan Saeed"]
[Result "1-0"]
[ECO "C00"]
[WhiteElo "1894"]
[BlackElo "1406"]
[Annotator "NA"]
[PlyCount "59"]
[EventDate "2024.09.05"]
[EventType "team-tourn"]
[EventCountry "HUN"]
[SourceTitle "playchess.com"]
[Source "ChessBase"]
[SourceQuality "1"]
[WhiteTeam "Moldova"]
[BlackTeam "Maldives"]
[WhiteTeamCountry "MDA"]
[BlackTeamCountry "MDV"]
[TimeControl "40/5400+30:1800+30"]

1. e4 e6 2. d3 d5 3. Nd2 Nc6 4. Ngf3 Nf6 5. e5 Nd7 6. Qe2 Bc5 7. g3 O-O 8. c3 a5 9. Bh3 Qe7 10. O-O Re8 11. d4 Ba7 12. Re1 f6 13. exf6 Nxf6 14. a4 Bd7 15. Ne5 Nd8 16. Nxd7 Nxd7 17. Nf3 h6 18. Bf4 Rc8 19. Rad1 c5 20. dxc5 Qxc5 21. Be3 Qc7 22. Bxa7 b6 23. Rxd5 Qxa7 24. Qb5 Nf6 25. Rd6 Nf7 26. Rdxe6 Qa8 27. Rxe8+ Rxe8 28. Rxe8+ Nxe8 29. Nd4 Nfd6 30. Qxb6 1-0

[Event "45th FIDE Womens Olympiad 2024"]
[Site "Budapest"]
[Date "2024.09.11"]
[Round "1.246"]
[White "Wahid, Chelsea"]
[Black "Ahmed, Walijah"]
[Result "0-1"]
[ECO "D52"]
[WhiteElo "1482"]
[BlackElo "1936"]
[Annotator "NA"]
[PlyCount "98"]
[EventDate "2024.09.05"]
[EventType "team-tourn"]
[EventCountry "HUN"]
[SourceTitle "playchess.com"]
[Source "ChessBase"]
[SourceQuality "1"]
[WhiteTeam "Saint Lucia"]
[BlackTeam "Bangladesh"]
[BlackTeamCountry "BAN"]
[TimeControl "40/5400+30:1800+30"]

1. d4 d5 2. c4 e6 3. Nc3 Nf6 4. Bg5 c6 5. e3 Nbd7 6. Nf3 Qa5 7. Bxf6 Nxf6 8. Bd3 Bb4 9. Qc2 Ne4 10. Bxe4 dxe4 11. Nd2 f5 12. O-O O-O 13. a3 Be7 14. Rfd1 Bd7 15. Nf1 Rad8 16. Qb3 Qc7 17. d5 Kh8 18. Rd2 exd5 19. cxd5 Be8 20. dxc6 Bxc6 21. Rad1 h6 22. Nd5 Bxd5 23. Rxd5 Kh7 24. g3 a6 25. R1d4 Qc6 26. Nd2 Bf6 27. Rxd8 Rxd8 28. Rxd8 Bxd8 29. Qc4 Qxc4 30. Nxc4 b5 31. Nd6 g6 32. h3 Bc7 33. Nb7 Bb6 34. g4 Kg7 35. b3 Kf6 36. a4 bxa4 37. bxa4 fxg4 38. hxg4 Kg5 39. Nd6 Kxg4 40. Nxe4 Kf3 41. Nd2+ Ke2 42. Nc4 Bc7 43. f4 g5 44. f5 Kd3 45. Nb2+ Kxe3 46. f6 Kd4 47. Nd1 Bd6 48. Kf2 Ke5 49. f7 Ke6 0-1

[Event "45th FIDE Womens Olympiad 2024"]
[Site "Budapest"]
[Date "2024.09.11"]
[Round "1.248"]
[White "Richards, TrisAnn"]
[Black "Wadifa, Ahmed"]
[Result "0-1"]
[ECO "A30"]
[WhiteElo "1653"]
[BlackElo "1988"]
[Annotator "NA RC"]
[PlyCount "38"]
[EventDate "2024.09.05"]
[EventType "team-tourn"]
[EventCountry "HUN"]
[SourceTitle "playchess.com"]
[Source "ChessBase"]
[SourceQuality "1"]
[WhiteTeam "Saint Lucia"]
[BlackTeam "Bangladesh"]
[BlackTeamCountry "BAN"]
[TimeControl "40/5400+30:1800+30"]

1. c4 c5 2. Nc3 Nf6 3. d3 e6 4. g3 d5 5. Bg2 Be7 6. Nf3 Nc6 7. O-O O-O 8. b3 a6 9. Bb2 Rb8 10. Nb1 b5 11. Na3 Qb6 12. Ne5 Bb7 13. Nxc6 Bxc6 14. Bh3 Rfd8 15. Qc1 Ba8 16. Be5 Rbc8 17. Nc2 d4 18. Ne1 Nd7 19. Nf3 Bxf3 0-1

[Event "45th FIDE Womens Olympiad 2024"]
[Site "Budapest"]
[Date "2024.09.11"]
[Round "1.249"]
[White "Sele, Timea"]
[Black "Silva, Mariana"]
[Result "0-1"]
[ECO "D35"]
[WhiteElo "1699"]
[BlackElo "2005"]
[Annotator "NA"]
[PlyCount "84"]
[EventDate "2024.09.05"]
[EventType "team-tourn"]
[EventCountry "HUN"]
[SourceTitle "playchess.com"]
[Source "ChessBase"]
[SourceQuality "1"]
[WhiteTeam "Liechtenstein"]
[BlackTeam "Portugal"]
[WhiteTeamCountry "LIE"]
[BlackTeamCountry "POR"]
[TimeControl "40/5400+30:1800+30"]

1. d4 d5 2. c4 e6 3. Nc3 Nf6 4. cxd5 exd5 5. Bg5 c6 6. e3 h6 7. Bh4 Be7 8. Bd3 O-O 9. Nge2 Nbd7 10. O-O a5 11. f3 b5 12. Qc2 Re8 13. Kh1 Ba6 14. Rad1 Qb8 15. e4 b4 16. Nb1 Bxd3 17. Qxd3 dxe4 18. fxe4 Nxe4 19. Qxe4 Bxh4 20. Qxc6 Ra7 21. Nf4 Nf6 22. Qf3 Rae7 23. Rd3 Re1 24. Nd2 Bg5 25. g3 Qc8 26. Rxe1 Rxe1+ 27. Kg2 Bxf4 28. gxf4 Qe8 29. Kf2 h5 30. h3 Rc1 31. Re3 Qd7 32. Nb3 Rc2+ 33. Re2 Rxe2+ 34. Qxe2 a4 35. Nc5 Qxd4+ 36. Qe3 Qxc5 37. Qxc5 Ne4+ 38. Ke3 Nxc5 39. Kd4 Ne6+ 40. Kc4 b3 41. a3 Nxf4 42. Kb4 g5 0-1